 Dungeon Crawl Stone Soup version 0.18.1-50-g88ac8fd (webtiles) character file.

55 Heatwave the Vexing (level 3, 0/34 HPs)
             Began as a High Elf Arcane Marksman on Oct 7, 2016.
             Succumbed to an adder's poison
             ... on level 2 of the Dungeon.
             The game lasted 00:06:59 (1842 turns).

Heatwave the Vexing (High Elf Arcane Marksman)      Turns: 1842, Time: 00:07:00

Health: 0/34       AC: 21    Str: 10    XL:     3   Next: 67%
Magic:  8/8        EV:  2    Int: 16    God:
Gold:   80         SH:  0    Dex: 16    Spells: 1 memorised, 6 levels left

rFire  . . .     SeeInvis .     j - +2 short sword (drain)
rCold  . . .     Gourm    .     (armour currently unavailable)
rNeg   + + +     Faith    .     (no shield)
rPois  +         Spirit   .     (helmet currently unavailable)
rElec  .         Dismiss  .     (cloak currently unavailable)
rCorr  .         Reflect  .     (gloves currently unavailable)
SustAt .         Harm     .     (boots currently unavailable)
MR     .....     NoTele   +     (no amulet)
Stlth  +.........               (no ring)
                                (no ring)

@: lethally poisoned (0 -> -2), tree-form (expiring), drained, not resistant to
hostile enchantments, very unstealthy
A: no striking features
a: no special abilities


You were on level 2 of the Dungeon.
You were not hungry.
You were a tree.
You visited 1 branch of the dungeon, and saw 2 of its levels.

You collected 80 gold pieces.

Inventory:

Hand Weapons
 a - a +0 shortbow
 j - a +2 short sword of draining (weapon)
Missiles
 d - 23 arrows
Armour
 e - a +1 leather armour (melded)
Scrolls
 g - 2 scrolls of identify
 k - a scroll of remove curse
Books
 c - a book of Debilitation

   Spells                             Type                      Level
   a - Corona                         Hexes                        1
   b - Slow                           Hexes                        2
   c - Gell's Gravitas                Hexes/Translocation          3
   d - Inner Flame                    Hexes/Fire                   3
   e - Cause Fear                     Hexes                        4
   f - Leda's Liquefaction            Hexes/Earth                  4
Comestibles
 i - a meat ration
 l - a beef jerky
 n - a bread ration


   Skills:
 - Level 1.0(0.4) Fighting
 + Level 3.3(2.7) Bows
 + Level 2.8(2.2) Dodging
 + Level 2.7(2.1) Spellcasting
 + Level 3.3(2.7) Hexes


You had 6 spell levels left.
You knew the following spells:

 Your Spells              Type           Power        Failure   Level  Hunger
a - Corona                Hex            ##.....      10%         1    #......


Dungeon Overview and Level Annotations

Branches:
Dungeon (2/15)

Altars:
Dithmenos

Annotations:
D:2 Terence


Message History

Read which item? (? for menu, Esc to quit)
Okay, then.
Read which item? (? for menu, Esc to quit)
As you read the scroll labeled JISEUW SAUH, it crumbles to dust.
It is a scroll of identify.
You don't have any unidentified items.
Terence hits you but does no damage.
There is a lethal amount of poison in your body!
Terence hits you but does no damage.
* * * LOW HITPOINT WARNING * * *
You feel sick. Terence hits you but does no damage.
Terence hits you but does no damage. Terence hits you but does no damage.
* * * LOW HITPOINT WARNING * * *
You feel sick. Terence hits you but does no damage.
Your transformation is almost over.
Terence hits you but does no damage. Terence hits you but does no damage.
Terence hits you but does no damage.
You die...

######################
..............s.@...#
#......###########.#
#............. #s#
#......####### #.#
#....s..# #@# ###
#####.#<..... #.#
..#######.############.#
..#.).......# #.♣.@s...#
..#.#####.#.# #.########
..#.......#+###.
..###.........#.
..............#.
....#........(#.
†.#.#.........#.
..#.#.........#.
..#.#.........#


You could see Terence and a giant cockroach.

Vanquished Creatures
  3 adders (D:2)
  An ooze (D:1)
  A giant gecko (D:2)
  2 goblins (D:1)
  5 hobgoblins (D:1)
  3 jackals (D:1)
  3 kobolds
  2 bats
  2 rats (D:1)
22 creatures vanquished.

Notes
Turn   | Place    | Note
--------------------------------------------------------------
     0 | D:1      | Heatwave the High Elf Arcane Marksman began the quest for the Orb.
     0 | D:1      | Reached XP level 1. HP: 13/13 MP: 3/3
    51 | D:1      | Reached XP level 2. HP: 1/18 MP: 6/6
  1364 | D:2      | Reached XP level 3. HP: 23/23 MP: 7/7
  1389 | D:2      | Found a shadowy altar of Dithmenos.
  1774 | D:2      | Noticed Terence
  1834 | D:2      | HP: 1/34 [poisoned by an adder]
  1842 | D:2      | Succumbed to an adder's poison

Skill      XL: |  1  2 |
---------------+-------+-----
Spellcasting   | 2 |  2.7
Bows           | 3 |  3.3
Fighting       | |  1.0
Dodging        | |  2.8
Hexes          | |  3.3

Action                   || total
-------------------------++-------
Melee: Short sword       ||     1
 Fire: Shortbow          ||    75
  Use: Scroll            ||     5
       Potion            ||     2
  Eat: Bread ration      ||     1
Armor: Robe              ||     7
       Leather armour    ||    13
       Skin              ||    15
Dodge: Dodged            ||    59
